[ AOE2 MATCH · #471434183 ]
UnrankedBohemians vs Ethiopians
[ REPLAY ANALYSIS · EXTRACTED FROM THE RECORDED GAME ]
Feudal
12:29
Castle
18:37
Imperial
27:06
| APM avg | 21.6 |
| APM peak | 54 |
| eAPM avg | 15.6 |
| Villagers / military | 115 / 322 |
Focus
⚔️ 42.6% · 🌾 57.4%
Skirmisher ×210 · Spearman ×90 · Hand Cannoneer ×15 · Hussite Wagon ×5 · Bombard Cannon ×2
Feudal
10:47
Castle
24:36
Imperial
51:32
| APM avg | 13.5 |
| APM peak | 42 |
| eAPM avg | 9.4 |
| Villagers / military | 116 / 157 |
Focus
⚔️ 27.6% · 🌾 72.4%
Archer ×132 · Battering Ram ×15 · Skirmisher ×10
Feudal
—
Castle
—
Imperial
—
| APM avg | 23.7 |
| APM peak | 57 |
| eAPM avg | 15.6 |
| Villagers / military | 100 / 234 |
Focus
⚔️ 40.6% · 🌾 59.4%
Skirmisher ×131 · Spearman ×75 · Hand Cannoneer ×13 · Knight ×7 · Conquistador ×5 · Monk ×1
Feudal
11:43
Castle
22:19
Imperial
40:34
| APM avg | 25.6 |
| APM peak | 50 |
| eAPM avg | 17.4 |
| Villagers / military | 150 / 101 |
Focus
⚔️ 32.3% · 🌾 67.7%
Militia ×70 · Scorpion ×22 · Centurion ×4 · Trebuchet (Packed) ×4 · Mangonel ×1
Feudal
—
Castle
—
Imperial
—
| APM avg | 16.9 |
| APM peak | 46 |
| eAPM avg | 8.8 |
| Villagers / military | 72 / 148 |
Focus
⚔️ 45.3% · 🌾 54.7%
Spearman ×76 · Samurai ×33 · Militia ×20 · Battering Ram ×13 · Mangonel ×6
Feudal
12:43
Castle
16:31
Imperial
36:05
| APM avg | 47.2 |
| APM peak | 96 |
| eAPM avg | 14.1 |
| Villagers / military | 132 / 197 |
Focus
⚔️ 34.5% · 🌾 65.5%
Scout Cavalry ×104 · Cavalry Archer ×90 · Trebuchet (Packed) ×2 · Monk ×1
Feudal
—
Castle
—
Imperial
—
| APM avg | 24.4 |
| APM peak | 55 |
| eAPM avg | 13.7 |
| Villagers / military | 102 / 134 |
Focus
⚔️ 32.5% · 🌾 67.5%
Petard ×84 · Archer ×36 · Spearman ×10 · Trebuchet (Packed) ×4 · Unknown (2586) ×2
Feudal
11:41
Castle
16:09
Imperial
39:21
| APM avg | 30.6 |
| APM peak | 71 |
| eAPM avg | 13.5 |
| Villagers / military | 124 / 248 |
Focus
⚔️ 28.5% · 🌾 71.5%
Camel Scout ×190 · Hand Cannoneer ×56 · Trade Cart ×7 · Trebuchet (Packed) ×2
Match map
Initial resources + every placement click. Lines = walls · curves = elevation contours. ◆ gold · ⬟ stone · ● berries · ✦ relic · ◌ wall gap
Your base
Johnny Sack's base
SeventhDrip9's base
Tommy Buckets's base
ostiinn's base
SIUUUUUUUUUUUU's base
Casco7777628's base
Big Slumbo's base
Smoothed initial terrain · ◌ = detected wall gap · hover for details
Inputs per minute
— joaolex1978 - - Johnny Sack
Build order — joaolex1978
First 150 of 565 actions detected
| 0:07 | Build | House |
| 0:07 | Build | House |
| 0:08 | Build | House |
| 0:13 | Create | Villager (Male) |
| 0:13 | Create | Villager (Male) |
| 0:14 | Create | Villager (Male) |
| 0:14 | Create | Villager (Male) |
| 0:14 | Create | Villager (Male) |
| 0:41 | Build | Mill |
| 1:20 | Research | Loom |
| 2:12 | Create | Villager (Male) |
| 2:12 | Create | Villager (Male) |
| 2:35 | Create | Villager (Male) |
| 2:53 | Create | Villager (Male) |
| 3:39 | Create | Villager (Male) |
| 3:39 | Create | Villager (Male) |
| 3:40 | Create | Villager (Male) |
| 3:52 | Create | Villager (Male) |
| 4:11 | Create | Villager (Male) |
| 4:41 | Create | Villager (Male) |
| 4:56 | Build | House |
| 5:00 | Create | Villager (Male) |
| 5:54 | Create | Villager (Male) |
| 5:56 | Create | Villager (Male) |
| 6:19 | Create | Villager (Male) |
| 6:20 | Create | Villager (Male) |
| 6:45 | Build | House |
| 7:00 | Create | Villager (Male) |
| 7:32 | Build | House |
| 7:34 | Build | House |
| 7:36 | Build | House |
| 7:56 | Create | Villager (Male) |
| 8:24 | Create | Villager (Male) |
| 8:31 | Build | Lumber Camp |
| 8:52 | Create | Villager (Male) |
| 9:02 | Build | Palisade Gate |
| 9:17 | Create | Villager (Male) |
| 9:54 | Create | Villager (Male) |
| 9:57 | Research | Feudal Age |
| 10:19 | Build | Mining Camp |
| 12:28 | Create | Villager (Male) |
| 12:29 | Age | Feudal Age |
| 12:30 | Create | Villager (Male) |
| 12:41 | Build | Mill |
| 12:49 | Research | Double-Bit Axe |
| 13:20 | Create | Villager (Male) |
| 13:23 | Create | Villager (Male) |
| 13:42 | Build | Market |
| 13:46 | Build | Blacksmith |
| 13:54 | Create | Villager (Male) |
| 14:42 | Create | Villager (Male) |
| 14:45 | Create | Villager (Male) |
| 14:46 | Create | Villager (Male) |
| 14:53 | Build | Farm |
| 14:53 | Build | Farm |
| 14:53 | Build | Farm |
| 14:54 | Build | Farm |
| 14:54 | Build | Farm |
| 14:54 | Build | Farm |
| 15:07 | Build | Farm |
| 15:07 | Build | Farm |
| 15:08 | Build | Farm |
| 15:08 | Build | Farm |
| 15:08 | Build | Farm |
| 15:09 | Build | Farm |
| 15:09 | Build | Farm |
| 15:23 | Build | Mining Camp |
| 15:48 | Research | Castle Age |
| 16:02 | Research | Horse Collar |
| 18:30 | Create | Villager (Male) |
| 18:30 | Create | Villager (Male) |
| 18:37 | Age | Castle Age |
| 18:40 | Build | Town Center |
| 18:54 | Build | Barracks |
| 19:03 | Research | Bow Saw |
| 19:24 | Research | Heavy Plow |
| 19:28 | Create | Villager (Male) |
| 19:29 | Create | Villager (Male) |
| 19:58 | Create | Villager (Male) |
| 19:59 | Create | Villager (Male) |
| 20:20 | Build | Archery Range |
| 20:24 | Build | University |
| 20:40 | Create | Villager (Male) |
| 20:42 | Create | Villager (Male) |
| 20:49 | Build | Farm |
| 20:49 | Build | Farm |
| 20:50 | Build | Farm |
| 20:50 | Build | Farm |
| 20:50 | Build | Farm |
| 20:53 | Create | Villager (Male) |
| 20:54 | Create | Villager (Male) |
| 21:08 | Create | Villager (Male) |
| 21:09 | Create | Villager (Male) |
| 21:19 | Build | Archery Range |
| 21:42 | Create | Villager (Male) |
| 21:43 | Create | Villager (Male) |
| 21:43 | Create | Villager (Male) |
| 21:52 | Build | Mill |
| 22:13 | Build | Mill |
| 22:26 | Build | House |
| 22:27 | Build | House |
| 22:27 | Build | House |
| 22:27 | Build | House |
| 22:28 | Build | House |
| 22:52 | Build | Monastery |
| 22:56 | Create | Villager (Male) |
| 22:57 | Create | Villager (Male) |
| 22:59 | Create | Villager (Male) |
| 23:00 | Create | Villager (Male) |
| 23:05 | Build | Farm |
| 23:06 | Build | Farm |
| 23:06 | Build | Farm |
| 23:06 | Build | Farm |
| 23:07 | Build | Farm |
| 23:52 | Build | Castle |
| 23:56 | Research | Imperial Age |
| 24:00 | Create | Villager (Male) |
| 24:22 | Research | Elite Skirmisher (upgrade) |
| 24:27 | Research | Town Watch |
| 24:45 | Build | Town Center |
| 24:55 | Research | Wheelbarrow |
| 25:07 | Research | Fletching |
| 25:51 | Research | Chemistry |
| 25:59 | Create | Villager (Male) |
| 26:00 | Create | Villager (Male) |
| 26:01 | Create | Villager (Male) |
| 26:17 | Build | Siege Workshop |
| 26:21 | Create | Villager (Male) |
| 26:26 | Create | Villager (Male) |
| 26:27 | Create | Villager (Male) |
| 26:28 | Create | Villager (Male) |
| 26:45 | Create | Skirmisher |
| 26:45 | Create | Skirmisher |
| 26:45 | Create | Skirmisher |
| 27:05 | Build | Archery Range |
| 27:06 | Age | Imperial Age |
| 27:15 | Build | Archery Range |
| 27:18 | Create | Skirmisher |
| 27:18 | Create | Skirmisher |
| 27:23 | Research | Hand Cart |
| 27:28 | Create | Villager (Male) |
| 27:29 | Create | Villager (Male) |
| 27:50 | Create | Skirmisher |
| 27:50 | Create | Skirmisher |
| 27:51 | Create | Skirmisher |
| 27:51 | Create | Skirmisher |
| 27:51 | Create | Skirmisher |
| 27:51 | Create | Skirmisher |
| 28:02 | Build | Farm |
| 28:02 | Build | Farm |
Build order — Johnny Sack
First 150 of 185 actions detected
| 0:02 | Build | House |
| 0:03 | Create | Villager (Male) |
| 0:03 | Create | Villager (Male) |
| 0:03 | Create | Villager (Male) |
| 0:04 | Create | Villager (Male) |
| 0:06 | Build | House |
| 1:40 | Create | Villager (Male) |
| 1:40 | Create | Villager (Male) |
| 1:52 | Build | Lumber Camp |
| 2:02 | Create | Villager (Male) |
| 2:58 | Create | Villager (Male) |
| 2:58 | Create | Villager (Male) |
| 3:32 | Create | Villager (Male) |
| 3:32 | Create | Villager (Male) |
| 3:57 | Build | House |
| 4:18 | Create | Villager (Male) |
| 4:19 | Create | Villager (Male) |
| 5:10 | Create | Villager (Male) |
| 5:10 | Create | Villager (Male) |
| 5:12 | Create | Villager (Male) |
| 6:01 | Create | Villager (Male) |
| 6:01 | Create | Villager (Male) |
| 6:01 | Create | Villager (Male) |
| 6:08 | Build | House |
| 6:26 | Build | Barracks |
| 7:39 | Create | Villager (Male) |
| 7:57 | Build | House |
| 8:11 | Create | Villager (Male) |
| 8:37 | Research | Feudal Age |
| 8:46 | Build | Mill |
| 9:38 | Build | Palisade Wall |
| 9:51 | Create | Villager (Male) ×2 |
| 9:51 | Create | Villager (Male) ×2 |
| 10:47 | Age | Feudal Age |
| 11:10 | Build | Archery Range |
| 11:25 | Build | Blacksmith |
| 11:43 | Create | Villager (Male) ×5 |
| 11:43 | Create | Villager (Male) ×5 |
| 11:43 | Create | Villager (Male) ×3 |
| 12:03 | Build | Mining Camp |
| 12:18 | Create | Archer ×2 |
| 13:08 | Build | House |
| 13:11 | Build | House |
| 13:27 | Create | Archer ×2 |
| 13:31 | Create | Archer |
| 14:33 | Build | Lumber Camp |
| 15:13 | Build | Farm |
| 15:15 | Create | Villager (Male) |
| 15:57 | Build | Farm |
| 16:00 | Build | Farm |
| 16:05 | Create | Villager (Male) |
| 16:06 | Create | Villager (Male) |
| 16:09 | Create | Archer ×5 |
| 16:33 | Research | Double-Bit Axe |
| 16:36 | Build | House |
| 16:41 | Research | Horse Collar |
| 17:10 | Research | Fletching |
| 17:12 | Research | Padded Archer Armor |
| 17:17 | Create | Archer |
| 17:34 | Build | Farm |
| 17:37 | Build | Farm |
| 17:41 | Build | Farm |
| 17:45 | Build | Farm |
| 17:52 | Build | Farm |
| 18:24 | Build | House |
| 18:26 | Build | House |
| 19:13 | Build | Farm |
| 19:17 | Build | Farm |
| 19:22 | Create | Archer |
| 19:23 | Create | Archer |
| 19:26 | Create | Archer |
| 19:27 | Create | Archer |
| 19:46 | Build | Archery Range |
| 19:51 | Create | Villager (Male) ×5 |
| 20:00 | Build | Farm |
| 20:03 | Build | Farm |
| 20:19 | Build | Farm |
| 20:22 | Build | Farm |
| 20:28 | Build | Farm |
| 21:13 | Build | Mill |
| 21:37 | Build | Farm |
| 21:43 | Build | Farm |
| 21:48 | Build | Farm |
| 21:52 | Build | Farm |
| 21:56 | Research | Castle Age |
| 22:08 | Create | Skirmisher ×5 |
| 22:09 | Create | Skirmisher ×5 |
| 22:27 | Create | Archer ×5 |
| 22:27 | Create | Archer ×3 |
| 22:27 | Create | Archer ×3 |
| 22:33 | Build | Farm |
| 22:47 | Build | House |
| 22:52 | Build | House |
| 22:54 | Build | House |
| 22:57 | Build | House |
| 23:12 | Build | Building 796 |
| 23:46 | Create | Archer ×3 |
| 24:24 | Build | Farm |
| 24:36 | Age | Castle Age |
| 24:40 | Research | Crossbowman (upgrade) |
| 24:47 | Research | Thumb Ring |
| 24:51 | Research | Bodkin Arrow |
| 25:55 | Build | Town Center |
| 26:10 | Build | Town Center |
| 26:33 | Create | Villager (Male) ×5 |
| 26:34 | Create | Villager (Male) ×5 |
| 26:44 | Create | Archer ×3 |
| 27:38 | Create | Villager (Male) ×5 |
| 27:38 | Create | Villager (Male) ×5 |
| 27:38 | Create | Villager (Male) ×5 |
| 27:38 | Create | Villager (Male) ×5 |
| 29:11 | Build | Siege Workshop |
| 29:13 | Build | Siege Workshop |
| 29:36 | Build | Mining Camp |
| 29:57 | Build | House |
| 29:59 | Build | House |
| 30:02 | Build | House |
| 30:17 | Create | Villager (Male) ×5 |
| 30:18 | Create | Villager (Male) ×5 |
| 30:18 | Create | Villager (Male) ×5 |
| 30:59 | Create | Archer ×5 |
| 32:07 | Create | Archer ×5 |
| 32:08 | Create | Archer ×5 |
| 32:54 | Build | Lumber Camp |
| 33:17 | Build | House |
| 34:34 | Create | Battering Ram ×3 |
| 34:44 | Create | Battering Ram ×2 |
| 36:19 | Build | Castle |
| 37:04 | Create | Archer ×5 |
| 37:04 | Create | Archer ×5 |
| 37:05 | Create | Archer ×5 |
| 37:05 | Create | Archer ×2 |
| 37:05 | Create | Archer ×2 |
| 37:45 | Build | Lumber Camp |
| 38:38 | Create | Battering Ram ×3 |
| 40:21 | Build | Mining Camp |
| 40:58 | Build | Market |
| 42:01 | Build | Town Center |
| 43:06 | Build | Mining Camp |
| 43:10 | Create | Battering Ram ×2 |
| 43:26 | Create | Villager (Male) ×5 |
| 43:27 | Create | Villager (Male) ×5 |
| 43:27 | Create | Villager (Male) ×5 |
| 43:52 | Create | Battering Ram ×5 |
| 44:46 | Create | Villager (Male) ×3 |
| 45:25 | Create | Archer ×5 |
| 45:25 | Create | Archer ×5 |
| 45:46 | Create | Archer ×5 |
| 45:46 | Create | Archer ×2 |
| 46:19 | Build | Archery Range |
Build order — SeventhDrip9
First 150 of 490 actions detected
| 0:04 | Research | Loom |
| 0:04 | Create | Villager (Male) |
| 0:05 | Create | Villager (Male) |
| 0:06 | Create | Villager (Male) |
| 0:06 | Create | Villager (Male) |
| 0:09 | Build | House |
| 0:10 | Build | House |
| 2:15 | Create | Villager (Male) |
| 2:48 | Create | Villager (Male) |
| 3:23 | Create | Villager (Male) |
| 3:24 | Create | Villager (Male) |
| 4:07 | Create | Villager (Male) |
| 4:07 | Create | Villager (Male) |
| 4:08 | Create | Villager (Male) |
| 4:30 | Create | Villager (Male) |
| 4:39 | Build | House |
| 5:12 | Build | Lumber Camp |
| 5:14 | Create | Villager (Male) |
| 5:49 | Create | Villager (Male) |
| 5:49 | Create | Villager (Male) |
| 5:49 | Create | Villager (Male) |
| 6:08 | Build | House |
| 6:52 | Create | Villager (Male) |
| 7:14 | Build | Mill |
| 8:02 | Create | Villager (Male) |
| 8:02 | Create | Villager (Male) |
| 8:20 | Build | Palisade Wall |
| 8:24 | Build | Palisade Gate |
| 8:43 | Build | House |
| 8:48 | Research | Feudal Age |
| 9:18 | Build | Farm |
| 9:24 | Build | Farm |
| 9:37 | Build | Mining Camp |
| 10:00 | Build | Farm |
| 10:12 | Build | Outpost |
| 10:17 | Build | House |
| 10:21 | Create | Villager (Male) |
| 10:21 | Create | Villager (Male) |
| 10:41 | Build | Outpost |
| 10:45 | Build | Outpost |
| 11:19 | Build | Market |
| 12:06 | Create | Villager (Male) |
| 12:06 | Create | Villager (Male) |
| 12:14 | Build | Blacksmith |
| 13:08 | Build | Barracks |
| 14:05 | Build | House |
| 14:06 | Research | Castle Age |
| 14:15 | Create | Spearman |
| 14:28 | Create | Spearman |
| 14:35 | Build | Farm |
| 14:41 | Build | Farm |
| 15:23 | Build | Stable |
| 15:41 | Research | Double-Bit Axe |
| 15:49 | Research | Horse Collar |
| 16:08 | Build | House |
| 16:19 | Research | Wheelbarrow |
| 17:02 | Create | Villager (Male) |
| 17:03 | Create | Villager (Male) |
| 17:08 | Create | Knight |
| 17:27 | Build | Monastery |
| 17:54 | Create | Villager (Male) |
| 17:58 | Create | Knight |
| 18:22 | Create | Monk |
| 18:29 | Create | Knight |
| 18:35 | Build | House |
| 18:35 | Build | House |
| 18:40 | Build | Mining Camp |
| 18:45 | Create | Villager (Male) |
| 19:07 | Build | Farm |
| 19:10 | Build | Farm |
| 19:19 | Build | Farm |
| 19:31 | Create | Villager (Male) |
| 19:33 | Create | Knight |
| 20:02 | Build | Stone Wall |
| 20:04 | Build | Stone Wall |
| 20:08 | Build | Building 487 |
| 20:20 | Research | Pikeman (upgrade) |
| 20:22 | Create | Knight |
| 20:55 | Create | Missionary |
| 21:24 | Create | Spearman |
| 21:25 | Create | Spearman |
| 21:31 | Research | Husbandry |
| 22:01 | Create | Villager (Male) |
| 22:08 | Build | Outpost |
| 22:13 | Create | Knight |
| 22:25 | Create | Spearman |
| 22:41 | Build | Stone Wall |
| 22:47 | Build | Outpost |
| 22:50 | Create | Knight |
| 22:53 | Create | Villager (Male) |
| 22:56 | Build | Farm |
| 23:00 | Build | Town Center |
| 24:01 | Create | Spearman |
| 24:08 | Build | Farm |
| 24:42 | Create | Villager (Male) |
| 24:42 | Create | Villager (Male) |
| 24:48 | Create | Villager (Male) |
| 24:48 | Create | Villager (Male) |
| 25:08 | Research | Scale Barding Armor |
| 25:48 | Build | Castle |
| 25:57 | Create | Villager (Male) |
| 26:03 | Build | Farm |
| 26:04 | Build | Farm |
| 26:11 | Build | Town Center |
| 26:13 | Create | Villager (Male) |
| 26:15 | Create | Villager (Male) |
| 26:19 | Create | Villager (Male) |
| 27:52 | Create | Villager (Male) |
| 27:52 | Create | Villager (Male) |
| 27:53 | Create | Villager (Male) |
| 27:54 | Create | Villager (Male) |
| 27:57 | Build | Lumber Camp |
| 28:02 | Build | Farm |
| 28:03 | Build | Farm |
| 28:08 | Create | Villager (Male) |
| 28:08 | Create | Villager (Male) |
| 28:22 | Build | Castle |
| 28:34 | Build | Archery Range |
| 28:46 | Create | Spearman |
| 28:46 | Create | Spearman |
| 29:11 | Build | Archery Range |
| 29:23 | Research | Elite Skirmisher (upgrade) |
| 29:37 | Create | Conquistador |
| 29:40 | Create | Skirmisher |
| 29:55 | Build | Town Center |
| 30:03 | Create | Skirmisher |
| 30:03 | Create | Skirmisher |
| 30:05 | Create | Villager (Male) |
| 30:05 | Create | Villager (Male) |
| 30:05 | Create | Villager (Male) |
| 30:06 | Create | Villager (Male) |
| 30:11 | Build | Lumber Camp |
| 30:17 | Create | Villager (Male) |
| 30:17 | Create | Villager (Male) |
| 30:17 | Create | Villager (Male) |
| 30:18 | Create | Villager (Male) |
| 30:19 | Create | Villager (Male) |
| 30:19 | Create | Villager (Male) |
| 30:19 | Create | Villager (Male) |
| 30:20 | Create | Villager (Male) |
| 30:20 | Create | Villager (Male) |
| 31:05 | Create | Skirmisher |
| 31:12 | Build | Farm |
| 31:13 | Build | Farm |
| 31:15 | Build | Farm |
| 31:15 | Build | Farm |
| 31:18 | Build | Farm |
| 31:20 | Build | Farm |
| 31:22 | Create | Villager (Male) |
| 31:23 | Create | Villager (Male) |
Build order — Tommy Buckets
First 150 of 400 actions detected
| 0:00 | Create | Villager (Male) |
| 0:00 | Create | Villager (Male) |
| 0:01 | Create | Villager (Male) |
| 0:01 | Create | Villager (Male) |
| 0:03 | Build | House |
| 0:06 | Build | House |
| 1:21 | Create | Villager (Male) |
| 2:00 | Build | Lumber Camp |
| 2:01 | Create | Villager (Male) |
| 2:01 | Create | Villager (Male) |
| 2:17 | Create | Villager (Male) |
| 2:52 | Create | Villager (Male) |
| 3:27 | Create | Villager (Male) |
| 3:37 | Create | Villager (Male) |
| 4:23 | Create | Villager (Male) |
| 4:23 | Create | Villager (Male) |
| 4:23 | Create | Villager (Male) |
| 4:27 | Build | Mill |
| 4:51 | Research | Loom |
| 4:53 | Create | Villager (Male) |
| 4:56 | Build | House |
| 4:58 | Build | House |
| 5:11 | Create | Villager (Male) |
| 5:22 | Create | Villager (Male) |
| 5:24 | Create | Villager (Male) |
| 6:08 | Create | Villager (Male) |
| 6:26 | Create | Villager (Male) |
| 6:42 | Build | Palisade Gate |
| 6:49 | Build | Barracks |
| 6:49 | Create | Villager (Male) |
| 7:39 | Create | Villager (Male) |
| 7:52 | Build | House |
| 7:53 | Build | House |
| 8:04 | Research | Feudal Age |
| 8:13 | Build | Lumber Camp |
| 8:18 | Create | Villager (Male) |
| 8:18 | Create | Villager (Male) |
| 8:21 | Create | Villager (Male) |
| 8:42 | Research | Feudal Age |
| 9:43 | Build | Mining Camp |
| 9:46 | Build | House |
| 10:59 | Create | Militia |
| 11:19 | Create | Militia |
| 11:36 | Create | Villager (Male) |
| 11:42 | Create | Villager (Male) |
| 11:43 | Age | Feudal Age |
| 11:52 | Research | Man-at-Arms (upgrade) |
| 12:04 | Create | Villager (Male) |
| 12:09 | Create | Militia |
| 12:19 | Build | Archery Range |
| 12:24 | Build | House |
| 12:36 | Create | Villager (Male) |
| 12:39 | Create | Militia |
| 13:00 | Build | Farm |
| 13:01 | Build | Farm |
| 13:01 | Build | Farm |
| 13:06 | Build | Market |
| 13:28 | Create | Villager (Male) |
| 13:31 | Create | Militia |
| 13:43 | Build | Blacksmith |
| 13:52 | Create | Militia |
| 13:59 | Create | Villager (Male) |
| 14:02 | Build | Farm |
| 14:05 | Build | Farm |
| 14:06 | Build | Farm |
| 14:06 | Build | Farm |
| 14:29 | Create | Villager (Male) |
| 14:45 | Create | Villager (Male) |
| 14:59 | Build | Farm |
| 15:05 | Build | Farm |
| 15:05 | Build | Farm |
| 15:06 | Build | Farm |
| 15:06 | Build | Farm |
| 15:19 | Create | Villager (Male) |
| 15:19 | Research | Scale Barding Armor |
| 15:22 | Research | Scale Mail Armor |
| 15:22 | Research | Forging |
| 15:27 | Create | Militia |
| 16:03 | Create | Villager (Male) |
| 16:07 | Build | Farm |
| 16:09 | Build | Farm |
| 16:20 | Build | Watch Tower |
| 16:31 | Create | Militia |
| 16:36 | Build | Farm |
| 16:44 | Create | Villager (Male) |
| 16:58 | Create | Villager (Male) |
| 17:03 | Research | Gold Mining |
| 17:06 | Research | Double-Bit Axe |
| 17:23 | Build | House |
| 17:24 | Build | House |
| 17:27 | Create | Villager (Male) |
| 17:36 | Build | Farm |
| 17:40 | Build | Farm |
| 17:53 | Create | Villager (Male) |
| 18:01 | Build | Lumber Camp |
| 18:06 | Create | Villager (Male) |
| 18:09 | Create | Militia |
| 18:15 | Research | Fletching |
| 18:38 | Create | Villager (Male) |
| 19:09 | Create | Militia |
| 19:10 | Create | Villager (Male) |
| 19:33 | Research | Castle Age |
| 20:04 | Research | Horse Collar |
| 20:12 | Create | Militia |
| 20:23 | Build | Barracks |
| 20:31 | Build | Barracks |
| 20:33 | Create | Villager (Male) |
| 21:13 | Create | Militia |
| 21:17 | Create | Villager (Male) |
| 21:29 | Create | Militia |
| 21:29 | Create | Militia |
| 21:29 | Create | Militia |
| 21:30 | Create | Militia |
| 21:40 | Build | House |
| 21:41 | Build | House |
| 21:47 | Create | Militia |
| 21:47 | Create | Militia |
| 21:51 | Build | Farm |
| 22:19 | Age | Castle Age |
| 22:26 | Research | Long Swordsman (upgrade) |
| 22:27 | Research | Squires |
| 22:37 | Build | House |
| 23:15 | Create | Militia |
| 23:15 | Create | Militia |
| 23:21 | Build | Siege Workshop |
| 23:36 | Build | Lumber Camp |
| 23:46 | Research | Wheelbarrow |
| 23:54 | Create | Villager (Male) |
| 23:54 | Create | Villager (Male) |
| 23:58 | Build | Farm |
| 24:05 | Create | Scorpion |
| 24:05 | Create | Scorpion |
| 24:11 | Build | Siege Workshop |
| 24:14 | Create | Villager (Male) |
| 24:14 | Create | Villager (Male) |
| 24:28 | Create | Militia |
| 24:28 | Create | Militia |
| 24:28 | Create | Militia |
| 25:21 | Create | Villager (Male) |
| 25:22 | Create | Villager (Male) |
| 25:22 | Create | Villager (Male) |
| 25:29 | Create | Scorpion |
| 25:29 | Create | Scorpion |
| 25:40 | Build | Farm |
| 26:24 | Build | Farm |
| 26:42 | Build | Town Center |
| 26:44 | Create | Villager (Male) |
| 27:34 | Create | Militia |
| 27:42 | Create | Villager (Male) |
| 27:46 | Build | Farm |
Build order — ostiinn
First 150 of 213 actions detected
| 0:05 | Research | Loom |
| 0:06 | Create | Villager (Male) ×4 |
| 0:16 | Build | House |
| 1:00 | Build | House |
| 1:34 | Create | Villager (Male) |
| 1:40 | Build | House |
| 1:47 | Build | House |
| 2:19 | Build | Palisade Wall |
| 2:24 | Create | Villager (Male) |
| 2:45 | Build | Lumber Camp |
| 3:05 | Create | Villager (Male) |
| 3:28 | Create | Villager (Male) ×2 |
| 4:08 | Create | Villager (Male) |
| 4:28 | Build | Building 796 |
| 4:53 | Build | Mill |
| 5:07 | Create | Villager (Male) ×2 |
| 5:30 | Create | Villager (Male) |
| 5:53 | Create | Villager (Male) |
| 6:29 | Create | Villager (Male) |
| 7:28 | Build | Barracks |
| 7:54 | Create | Villager (Male) ×4 |
| 8:25 | Build | House |
| 8:28 | Build | House |
| 8:30 | Build | House |
| 8:41 | Build | Palisade Wall |
| 9:06 | Create | Militia |
| 9:38 | Build | Mining Camp |
| 10:16 | Build | Mill |
| 11:00 | Build | Building 804 |
| 11:28 | Create | Villager (Male) |
| 11:29 | Research | Feudal Age |
| 11:47 | Build | Mining Camp |
| 11:52 | Create | Militia |
| 11:53 | Create | Militia |
| 13:13 | Build | Farm |
| 13:14 | Build | Farm |
| 13:14 | Build | Farm |
| 13:14 | Build | Farm |
| 13:15 | Build | Farm |
| 13:20 | Build | Farm |
| 13:40 | Research | Man-at-Arms (upgrade) |
| 13:48 | Build | Market |
| 13:56 | Build | Blacksmith |
| 14:12 | Create | Militia |
| 14:34 | Build | Stone Wall |
| 14:49 | Create | Militia |
| 14:49 | Create | Militia |
| 15:35 | Build | Building 490 |
| 16:11 | Create | Militia |
| 16:26 | Research | Castle Age |
| 16:30 | Create | Militia |
| 16:32 | Create | Spearman |
| 16:33 | Create | Militia |
| 16:54 | Research | Horse Collar |
| 17:22 | Research | Double-Bit Axe |
| 17:48 | Build | House |
| 17:53 | Build | House |
| 17:54 | Build | House |
| 17:56 | Build | House |
| 18:08 | Create | Militia |
| 18:09 | Create | Militia |
| 18:12 | Create | Militia |
| 19:27 | Build | Town Center |
| 19:48 | Research | Long Swordsman (upgrade) |
| 19:54 | Create | Militia |
| 19:54 | Create | Militia |
| 20:02 | Create | Villager (Male) |
| 20:28 | Create | Militia |
| 20:47 | Create | Villager (Male) ×2 |
| 20:47 | Create | Villager (Male) ×2 |
| 20:56 | Create | Villager (Male) |
| 21:28 | Create | Militia |
| 21:29 | Create | Militia |
| 21:29 | Create | Militia |
| 21:49 | Create | Villager (Male) ×2 |
| 22:57 | Create | Villager (Male) ×2 |
| 23:33 | Build | Farm |
| 23:33 | Build | Farm |
| 23:33 | Build | Farm |
| 23:33 | Build | Farm |
| 23:34 | Build | Farm |
| 23:46 | Build | Mining Camp |
| 23:48 | Research | Heavy Plow |
| 24:08 | Build | Farm |
| 24:09 | Build | Farm |
| 25:22 | Create | Villager (Male) ×5 |
| 25:23 | Create | Villager (Male) ×5 |
| 25:25 | Research | Wheelbarrow |
| 25:26 | Create | Villager (Male) |
| 25:40 | Build | Siege Workshop |
| 25:42 | Create | Militia |
| 25:58 | Create | Villager (Male) |
| 26:07 | Create | Spearman |
| 26:19 | Create | Spearman |
| 26:26 | Create | Villager (Male) |
| 26:46 | Create | Spearman |
| 27:10 | Create | Villager (Male) ×2 |
| 27:15 | Create | Mangonel |
| 27:29 | Create | Villager (Male) |
| 27:50 | Build | Farm |
| 27:50 | Build | Farm |
| 27:50 | Build | Farm |
| 28:05 | Create | Spearman |
| 28:07 | Research | Squires |
| 28:09 | Create | Spearman |
| 28:16 | Create | Villager (Male) |
| 28:31 | Create | Villager (Male) |
| 28:49 | Research | Bow Saw |
| 29:37 | Build | Castle |
| 29:56 | Create | Mangonel |
| 30:14 | Create | Villager (Male) ×5 |
| 30:15 | Create | Villager (Male) ×5 |
| 31:38 | Create | Mangonel |
| 31:42 | Create | Samurai |
| 31:43 | Create | Samurai |
| 31:43 | Create | Samurai |
| 31:57 | Build | Barracks |
| 32:01 | Create | Villager (Male) ×5 |
| 32:16 | Create | Samurai |
| 32:16 | Create | Samurai |
| 32:16 | Create | Samurai |
| 32:52 | Create | Samurai |
| 32:52 | Create | Samurai |
| 32:53 | Create | Samurai |
| 33:00 | Create | Samurai |
| 33:00 | Create | Samurai |
| 33:12 | Create | Villager (Male) ×4 |
| 33:49 | Create | Villager (Male) ×4 |
| 34:25 | Create | Samurai |
| 34:25 | Create | Samurai |
| 34:25 | Create | Samurai |
| 34:25 | Create | Samurai |
| 35:04 | Build | Castle |
| 35:08 | Build | Siege Workshop |
| 35:09 | Build | Siege Workshop |
| 35:25 | Create | Militia |
| 35:25 | Create | Spearman |
| 35:26 | Create | Spearman |
| 35:26 | Create | Spearman |
| 35:26 | Create | Spearman |
| 35:28 | Research | Pikeman (upgrade) |
| 35:31 | Research | Pikeman (upgrade) |
| 35:33 | Create | Spearman |
| 35:34 | Create | Spearman |
| 35:34 | Create | Spearman |
| 35:36 | Create | Samurai |
| 35:36 | Create | Samurai |
| 35:53 | Build | Lumber Camp |
| 35:57 | Create | Villager (Male) |
| 36:13 | Create | Samurai ×3 |
Build order — SIUUUUUUUUUUUU
First 150 of 451 actions detected
| 0:01 | Create | Villager (Male) |
| 0:01 | Create | Villager (Male) |
| 0:01 | Create | Villager (Male) |
| 0:02 | Create | Villager (Male) |
| 0:05 | Build | House |
| 0:08 | Build | House |
| 1:25 | Create | Villager (Male) |
| 2:11 | Create | Villager (Male) |
| 2:11 | Create | Villager (Male) |
| 2:16 | Build | Lumber Camp |
| 2:26 | Create | Villager (Male) |
| 2:59 | Create | Villager (Male) |
| 3:23 | Create | Villager (Male) |
| 3:33 | Build | House |
| 3:36 | Create | Villager (Male) |
| 4:06 | Create | Villager (Male) |
| 4:06 | Create | Villager (Male) |
| 4:31 | Build | Mill |
| 5:00 | Create | Villager (Male) |
| 5:33 | Create | Villager (Male) |
| 5:33 | Create | Villager (Male) |
| 5:33 | Create | Villager (Male) |
| 6:10 | Create | Villager (Male) |
| 6:10 | Create | Villager (Male) |
| 6:11 | Create | Villager (Male) |
| 6:25 | Build | House |
| 7:06 | Create | Villager (Male) |
| 7:17 | Build | Palisade Wall |
| 7:50 | Build | House |
| 8:02 | Create | Villager (Male) |
| 8:08 | Build | Building 796 |
| 8:37 | Create | Villager (Male) |
| 8:37 | Create | Villager (Male) |
| 8:41 | Research | Loom |
| 9:35 | Build | House |
| 9:44 | Create | Villager (Male) |
| 9:55 | Build | Mining Camp |
| 9:57 | Research | Feudal Age |
| 10:26 | Build | Barracks |
| 10:53 | Create | Villager (Male) |
| 10:53 | Create | Villager (Male) |
| 11:30 | Build | House |
| 12:14 | Build | House |
| 12:43 | Age | Feudal Age |
| 12:44 | Build | Market |
| 12:46 | Build | Blacksmith |
| 13:03 | Build | Palisade Wall |
| 13:18 | Build | Palisade Wall |
| 13:35 | Build | Archery Range |
| 13:51 | Research | Castle Age |
| 13:51 | Research | Castle Age |
| 14:04 | Research | Horse Collar |
| 14:06 | Research | Double-Bit Axe |
| 14:32 | Create | Villager (Male) |
| 14:34 | Create | Villager (Male) |
| 15:14 | Build | Farm |
| 15:14 | Build | Farm |
| 15:14 | Build | Farm |
| 15:14 | Build | Farm |
| 15:15 | Build | Farm |
| 15:41 | Build | Farm |
| 15:43 | Build | Farm |
| 15:46 | Build | Farm |
| 16:01 | Build | Farm |
| 16:03 | Build | Farm |
| 16:30 | Build | Archery Range |
| 16:31 | Age | Castle Age |
| 16:43 | Create | Cavalry Archer |
| 16:43 | Create | Cavalry Archer |
| 16:43 | Create | Cavalry Archer |
| 17:02 | Create | Villager (Male) |
| 17:36 | Build | Mining Camp |
| 17:38 | Create | Villager (Male) |
| 17:52 | Create | Villager (Male) |
| 18:09 | Build | Town Center |
| 18:22 | Create | Cavalry Archer |
| 18:25 | Create | Villager (Male) |
| 18:32 | Build | House |
| 18:33 | Build | House |
| 18:41 | Research | Wheelbarrow |
| 18:43 | Create | Villager (Male) |
| 19:03 | Research | Fletching |
| 19:12 | Create | Villager (Male) |
| 19:12 | Create | Villager (Male) |
| 19:24 | Create | Villager (Male) |
| 19:43 | Build | Monastery |
| 19:45 | Create | Villager (Male) |
| 19:45 | Create | Villager (Male) |
| 20:19 | Create | Cavalry Archer |
| 20:19 | Create | Cavalry Archer |
| 20:19 | Create | Cavalry Archer |
| 20:22 | Research | Padded Archer Armor |
| 20:48 | Research | Bodkin Arrow |
| 20:54 | Create | Cavalry Archer |
| 20:55 | Create | Cavalry Archer |
| 20:57 | Create | Villager (Male) |
| 20:57 | Create | Villager (Male) |
| 21:26 | Build | Stable |
| 21:43 | Create | Cavalry Archer |
| 21:43 | Create | Cavalry Archer |
| 21:43 | Create | Cavalry Archer |
| 21:57 | Build | University |
| 22:03 | Research | Gold Mining |
| 22:10 | Research | Town Watch |
| 22:32 | Build | Lumber Camp |
| 22:39 | Create | Cavalry Archer |
| 22:39 | Create | Cavalry Archer |
| 23:07 | Build | Lumber Camp |
| 23:14 | Create | Villager (Male) |
| 23:15 | Create | Villager (Male) |
| 23:15 | Create | Villager (Male) |
| 23:18 | Build | Farm |
| 23:37 | Create | Villager (Male) |
| 23:38 | Create | Villager (Male) |
| 23:38 | Create | Villager (Male) |
| 23:42 | Research | Ballistics |
| 23:58 | Create | Cavalry Archer |
| 23:58 | Create | Cavalry Archer |
| 24:08 | Create | Villager (Male) |
| 24:08 | Create | Villager (Male) |
| 24:08 | Create | Villager (Male) |
| 24:18 | Create | Cavalry Archer |
| 24:18 | Create | Cavalry Archer |
| 24:18 | Create | Cavalry Archer |
| 24:43 | Build | House |
| 24:44 | Build | House |
| 24:52 | Research | Husbandry |
| 24:53 | Research | Bloodlines |
| 25:02 | Create | Villager (Male) |
| 25:02 | Create | Villager (Male) |
| 25:38 | Create | Cavalry Archer |
| 25:39 | Create | Cavalry Archer |
| 25:39 | Create | Cavalry Archer |
| 25:39 | Create | Cavalry Archer |
| 25:48 | Create | Villager (Male) |
| 25:48 | Create | Villager (Male) |
| 25:48 | Create | Villager (Male) |
| 25:55 | Build | Mining Camp |
| 26:00 | Create | Villager (Male) |
| 27:09 | Create | Cavalry Archer |
| 27:09 | Create | Cavalry Archer |
| 27:09 | Create | Cavalry Archer |
| 27:09 | Create | Cavalry Archer |
| 27:10 | Create | Cavalry Archer |
| 27:11 | Create | Villager (Male) |
| 27:11 | Create | Villager (Male) |
| 27:11 | Create | Villager (Male) |
| 27:12 | Create | Villager (Male) |
| 27:12 | Create | Villager (Male) |
| 27:48 | Build | House |
Build order — Casco7777628
First 150 of 318 actions detected
| 0:02 | Research | Loom |
| 0:03 | Create | Villager (Male) |
| 0:04 | Create | Villager (Male) |
| 0:04 | Create | Villager (Male) |
| 0:06 | Build | House |
| 0:08 | Build | House |
| 0:24 | Create | Villager (Male) |
| 0:24 | Create | Villager (Male) |
| 0:27 | Build | House |
| 1:49 | Create | Villager (Male) |
| 1:49 | Create | Villager (Male) |
| 2:04 | Create | Villager (Male) |
| 2:39 | Create | Villager (Male) |
| 3:30 | Create | Villager (Male) |
| 3:30 | Create | Villager (Male) |
| 3:33 | Create | Villager (Male) |
| 3:54 | Create | Villager (Male) |
| 4:14 | Create | Villager (Male) |
| 4:33 | Create | Villager (Male) |
| 4:58 | Build | Settlement |
| 5:13 | Create | Villager (Male) |
| 5:42 | Create | Villager (Male) |
| 5:42 | Create | Villager (Male) |
| 6:09 | Create | Villager (Male) |
| 6:09 | Create | Villager (Male) |
| 6:21 | Create | Villager (Male) |
| 6:40 | Create | Villager (Male) |
| 7:12 | Create | Villager (Male) |
| 7:47 | Build | Barracks |
| 8:47 | Build | Outpost |
| 8:55 | Research | Feudal Age |
| 9:07 | Build | Settlement |
| 10:16 | Build | Settlement |
| 11:09 | Create | Villager (Male) |
| 11:09 | Create | Villager (Male) |
| 11:11 | Research | Double-Bit Axe |
| 11:28 | Build | Stone Wall |
| 11:35 | Create | Villager (Male) |
| 11:38 | Build | Farm |
| 11:38 | Build | Farm |
| 11:38 | Build | Farm |
| 11:38 | Build | Farm |
| 11:40 | Build | Farm |
| 11:47 | Build | Farm |
| 12:01 | Build | Building 490 |
| 12:17 | Build | Archery Range |
| 12:48 | Build | Blacksmith |
| 13:32 | Create | Archer |
| 13:33 | Create | Archer |
| 13:42 | Build | Settlement |
| 13:50 | Create | Villager (Male) |
| 13:51 | Create | Villager (Male) |
| 14:04 | Research | Fletching |
| 14:05 | Research | Padded Archer Armor |
| 14:12 | Create | Archer |
| 14:25 | Create | Villager (Male) |
| 14:43 | Create | Villager (Male) |
| 14:52 | Create | Archer |
| 15:29 | Create | Archer |
| 15:35 | Create | Villager (Male) |
| 15:35 | Create | Villager (Male) |
| 15:37 | Build | Farm |
| 15:37 | Build | Farm |
| 15:37 | Build | Farm |
| 15:40 | Create | Villager (Male) |
| 16:58 | Build | Market |
| 17:17 | Create | Archer |
| 17:17 | Create | Archer |
| 17:32 | Build | House |
| 17:33 | Build | House |
| 17:41 | Build | Outpost |
| 17:43 | Build | Outpost |
| 17:46 | Build | Outpost |
| 17:54 | Research | Castle Age |
| 18:21 | Create | Archer |
| 18:22 | Create | Archer |
| 19:31 | Build | Outpost |
| 19:37 | Create | Archer |
| 19:45 | Build | Archery Range |
| 20:39 | Research | Crossbowman (upgrade) |
| 20:49 | Build | University |
| 20:57 | Research | Bow Saw |
| 21:00 | Research | Gold Mining |
| 21:10 | Research | Bodkin Arrow |
| 21:11 | Research | Leather Archer Armor |
| 21:45 | Create | Villager (Male) |
| 21:45 | Create | Villager (Male) |
| 21:48 | Build | Farm |
| 21:48 | Build | Farm |
| 21:49 | Build | Farm |
| 21:49 | Build | Farm |
| 21:49 | Build | Farm |
| 22:20 | Build | Farm |
| 23:35 | Research | Ballistics |
| 24:15 | Build | Siege Workshop |
| 25:40 | Research | Town Watch |
| 25:44 | Research | Stone Mining |
| 26:33 | Create | Villager (Male) |
| 26:34 | Create | Villager (Male) |
| 26:34 | Create | Villager (Male) |
| 26:35 | Build | Farm |
| 26:35 | Build | Farm |
| 26:36 | Build | Farm |
| 26:36 | Build | Farm |
| 26:36 | Build | Farm |
| 26:38 | Create | Villager (Male) |
| 26:38 | Create | Villager (Male) |
| 26:40 | Research | Horse Collar |
| 26:43 | Research | Gold Shaft Mining |
| 26:56 | Research | Thumb Ring |
| 26:57 | Create | Archer |
| 26:58 | Create | Archer |
| 26:59 | Create | Archer |
| 26:59 | Create | Archer |
| 27:00 | Create | Archer |
| 27:00 | Create | Archer |
| 27:18 | Build | Town Center |
| 27:32 | Create | Archer |
| 27:32 | Create | Archer |
| 27:50 | Create | Villager (Male) |
| 27:56 | Build | Town Center |
| 28:03 | Research | Heavy Plow |
| 28:06 | Create | Villager (Male) |
| 28:38 | Build | Settlement |
| 28:41 | Create | Villager (Male) |
| 28:42 | Create | Villager (Male) |
| 28:51 | Build | Settlement |
| 28:59 | Research | Murder Holes |
| 29:08 | Create | Archer |
| 29:08 | Create | Archer |
| 29:09 | Create | Archer |
| 29:10 | Create | Archer |
| 29:10 | Create | Archer |
| 29:27 | Create | Villager (Male) |
| 30:00 | Research | Wheelbarrow |
| 30:03 | Create | Villager (Male) |
| 30:03 | Create | Villager (Male) |
| 30:20 | Create | Archer |
| 30:21 | Create | Archer |
| 30:27 | Create | Villager (Male) |
| 30:28 | Create | Villager (Male) |
| 30:47 | Create | Archer |
| 30:47 | Create | Archer |
| 31:52 | Create | Petard |
| 31:52 | Create | Petard |
| 31:52 | Create | Petard |
| 31:52 | Create | Petard |
| 31:53 | Create | Petard |
| 31:53 | Create | Petard |
| 32:01 | Create | Villager (Male) |
Build order — Big Slumbo
First 150 of 356 actions detected
| 0:01 | Create | Villager (Male) |
| 0:02 | Create | Villager (Male) |
| 0:02 | Create | Villager (Male) |
| 0:02 | Create | Villager (Male) |
| 0:03 | Create | Villager (Male) |
| 0:04 | Build | House |
| 0:05 | Build | House |
| 1:18 | Create | Villager (Male) |
| 1:41 | Create | Villager (Male) |
| 1:53 | Build | Lumber Camp |
| 2:10 | Create | Villager (Male) |
| 3:03 | Create | Villager (Male) |
| 3:04 | Create | Villager (Male) |
| 3:04 | Create | Villager (Male) |
| 3:25 | Create | Villager (Male) |
| 3:37 | Build | House |
| 3:45 | Build | House |
| 4:24 | Build | Mill |
| 4:30 | Create | Villager (Male) |
| 4:30 | Create | Villager (Male) |
| 4:31 | Create | Villager (Male) |
| 4:31 | Create | Villager (Male) |
| 5:13 | Build | House |
| 5:57 | Create | Villager (Male) |
| 5:57 | Create | Villager (Male) |
| 5:57 | Create | Villager (Male) |
| 5:57 | Create | Villager (Male) |
| 5:58 | Create | Villager (Male) |
| 7:03 | Create | Villager (Male) |
| 7:03 | Create | Villager (Male) |
| 7:53 | Create | Villager (Male) |
| 7:53 | Create | Villager (Male) |
| 7:53 | Create | Villager (Male) |
| 8:24 | Research | Loom |
| 8:41 | Build | Mining Camp |
| 9:31 | Research | Feudal Age |
| 9:36 | Create | Villager (Male) |
| 9:37 | Create | Villager (Male) |
| 9:37 | Research | Loom |
| 10:08 | Build | Barracks |
| 10:28 | Build | Farm |
| 10:28 | Build | Farm |
| 11:41 | Age | Feudal Age |
| 11:42 | Build | Stable |
| 11:54 | Build | Blacksmith |
| 12:24 | Build | Lumber Camp |
| 13:29 | Research | Castle Age |
| 13:44 | Build | Palisade Wall |
| 13:52 | Build | Palisade Gate |
| 14:07 | Build | House |
| 14:07 | Build | House |
| 14:16 | Research | Double-Bit Axe |
| 14:29 | Research | Horse Collar |
| 15:37 | Create | Villager (Male) |
| 16:09 | Age | Castle Age |
| 16:13 | Build | Town Center |
| 16:22 | Create | Villager (Male) |
| 16:22 | Create | Villager (Male) |
| 16:25 | Build | Farm |
| 16:27 | Build | Farm |
| 16:40 | Research | Bow Saw |
| 16:42 | Create | Villager (Male) |
| 17:05 | Create | Villager (Male) |
| 17:18 | Build | Town Center |
| 17:34 | Create | Villager (Male) |
| 17:54 | Create | Villager (Male) |
| 17:55 | Create | Villager (Male) |
| 18:09 | Create | Villager (Male) |
| 18:19 | Build | Market |
| 18:26 | Create | Villager (Male) |
| 18:44 | Build | Farm |
| 18:44 | Build | Farm |
| 19:03 | Create | Villager (Male) |
| 19:04 | Create | Villager (Male) |
| 19:08 | Create | Villager (Male) |
| 19:18 | Build | Farm |
| 19:18 | Build | Farm |
| 19:18 | Build | Farm |
| 19:19 | Build | Farm |
| 19:34 | Create | Villager (Male) |
| 19:37 | Build | Farm |
| 20:09 | Create | Villager (Male) |
| 20:10 | Create | Villager (Male) |
| 20:19 | Create | Villager (Male) |
| 20:34 | Build | Farm |
| 20:35 | Build | Farm |
| 20:36 | Build | Farm |
| 20:51 | Build | Farm |
| 20:55 | Build | Farm |
| 20:58 | Create | Villager (Male) |
| 20:58 | Create | Villager (Male) |
| 20:59 | Create | Villager (Male) |
| 21:05 | Create | Villager (Male) |
| 21:11 | Build | Farm |
| 21:19 | Create | Villager (Male) |
| 21:30 | Build | Farm |
| 21:30 | Build | Farm |
| 21:31 | Build | Farm |
| 21:31 | Build | Farm |
| 21:32 | Build | Farm |
| 21:33 | Build | Farm |
| 21:56 | Create | Villager (Male) |
| 21:58 | Create | Villager (Male) |
| 21:58 | Create | Villager (Male) |
| 22:04 | Create | Camel Scout |
| 22:05 | Create | Camel Scout |
| 22:08 | Build | House |
| 22:09 | Build | House |
| 22:09 | Build | House |
| 22:10 | Build | House |
| 22:43 | Build | Stable |
| 22:44 | Build | Stable |
| 22:50 | Create | Villager (Male) |
| 22:51 | Create | Villager (Male) |
| 22:51 | Create | Villager (Male) |
| 22:53 | Research | Heavy Plow |
| 22:58 | Research | Wheelbarrow |
| 23:01 | Research | Forging |
| 23:06 | Research | Scale Barding Armor |
| 23:22 | Create | Villager (Male) |
| 23:23 | Create | Villager (Male) |
| 23:24 | Create | Villager (Male) |
| 23:37 | Build | Farm |
| 23:37 | Build | Farm |
| 23:39 | Build | Farm |
| 23:39 | Build | Farm |
| 23:40 | Build | Farm |
| 23:45 | Research | Forging |
| 23:53 | Create | Camel Scout |
| 23:58 | Create | Villager (Male) |
| 23:59 | Create | Villager (Male) |
| 24:03 | Create | Villager (Male) |
| 24:03 | Create | Villager (Male) |
| 24:04 | Create | Villager (Male) |
| 24:20 | Build | Farm |
| 24:25 | Create | Camel Scout |
| 24:25 | Create | Camel Scout |
| 24:28 | Create | Camel Scout |
| 24:34 | Build | Farm |
| 24:34 | Build | Farm |
| 24:35 | Build | Farm |
| 24:45 | Create | Camel Scout |
| 24:46 | Create | Camel Scout |
| 24:46 | Create | Camel Scout |
| 25:09 | Build | Farm |
| 25:13 | Create | Villager (Male) |
| 25:13 | Create | Villager (Male) |
| 25:14 | Create | Villager (Male) |
| 25:14 | Create | Villager (Male) |
| 25:14 | Create | Villager (Male) |
Match timeline
| 2:19 | ostiinn · wall_segment Palisade Wall x16 |
| 6:26 | Johnny Sack · first_building Barracks |
| 6:49 | Tommy Buckets · first_building Barracks |
| 7:17 | SIUUUUUUUUUUUU · wall_segment Palisade Wall x15 |
| 7:28 | ostiinn · first_building Barracks |
| 7:47 | Casco7777628 · first_building Barracks |
| 8:20 | SeventhDrip9 · wall_segment Palisade Wall x11 |
| 8:41 | ostiinn · wall_segment Palisade Wall x16 |
| 9:38 | Johnny Sack · wall_segment Palisade Wall x13 |
| 10:08 | Big Slumbo · first_building Barracks |
| 10:26 | SIUUUUUUUUUUUU · first_building Barracks |
| 10:47 | Johnny Sack · age_up feudal |
| 11:10 | Johnny Sack · first_building Archery Range |
| 11:28 | Casco7777628 · wall_segment Stone Wall x14 |
| 11:41 | Big Slumbo · age_up feudal |
| 11:42 | Big Slumbo · first_building Stable |
| 11:43 | Tommy Buckets · age_up feudal |
| 12:17 | Casco7777628 · first_building Archery Range |
| 12:19 | Tommy Buckets · first_building Archery Range |
| 12:29 | joaolex1978 · age_up feudal |
| 12:43 | SIUUUUUUUUUUUU · age_up feudal |
| 13:03 | SIUUUUUUUUUUUU · wall_segment Palisade Wall x1 |
| 13:08 | SeventhDrip9 · first_building Barracks |
| 13:18 | SIUUUUUUUUUUUU · wall_segment Palisade Wall x1 |
| 13:35 | SIUUUUUUUUUUUU · first_building Archery Range |
| 13:44 | Big Slumbo · wall_segment Palisade Wall x4 |
| 14:34 | ostiinn · wall_segment Stone Wall x18 |
| 15:23 | SeventhDrip9 · first_building Stable |
| 16:09 | Big Slumbo · age_up castle |
| 16:10 | ostiinn · first_market_sell 100 wood |
| 16:24 | ostiinn · first_market_buy 100 food |
| 16:31 | SIUUUUUUUUUUUU · age_up castle |
| 16:40 | SIUUUUUUUUUUUU · first_market_sell 100 food |
| 16:41 | SIUUUUUUUUUUUU · first_market_buy 100 wood |
| 16:53 | Tommy Buckets · first_market_sell 100 wood |
| 16:55 | Tommy Buckets · first_market_buy 100 food |
| 17:27 | SeventhDrip9 · first_building Monastery |
| 18:37 | joaolex1978 · age_up castle |
| 18:54 | joaolex1978 · first_building Barracks |
| 19:43 | SIUUUUUUUUUUUU · first_building Monastery |
| 20:02 | SeventhDrip9 · wall_segment Stone Wall x3 |
| 20:04 | SeventhDrip9 · wall_segment Stone Wall x12 |
| 20:20 | joaolex1978 · first_building Archery Range |
| 21:26 | SIUUUUUUUUUUUU · first_building Stable |
| 22:08 | Casco7777628 · first_market_buy 100 wood |
| 22:19 | Tommy Buckets · age_up castle |
| 22:30 | Big Slumbo · first_market_buy 100 food |
| 22:41 | SeventhDrip9 · wall_segment Stone Wall x1 |
| 22:52 | joaolex1978 · first_building Monastery |
| 23:21 | Tommy Buckets · first_building Siege Workshop |
| 23:52 | joaolex1978 · first_building Castle |
| 24:15 | Casco7777628 · first_building Siege Workshop |
| 24:36 | Johnny Sack · age_up castle |
| 25:19 | Big Slumbo · first_market_sell 500 wood |
| 25:40 | ostiinn · first_building Siege Workshop |
| 25:46 | joaolex1978 · first_market_sell 100 food |
| 25:48 | SeventhDrip9 · first_building Castle |
| 26:17 | joaolex1978 · first_building Siege Workshop |
| 27:06 | joaolex1978 · age_up imperial |
| 28:34 | SeventhDrip9 · first_building Archery Range |
| 29:04 | Big Slumbo · tribute_sent a jugador 1 |
| 29:04 | Big Slumbo · tribute_sent a jugador 2 |
| 29:04 | Big Slumbo · tribute_sent a jugador 3 |
| 29:04 | Big Slumbo · tribute_sent a jugador 4 |
| 29:04 | Big Slumbo · tribute_sent a jugador 5 |
| 29:04 | Big Slumbo · tribute_sent a jugador 6 |
| 29:04 | Big Slumbo · tribute_sent a jugador 7 |
| 29:11 | Johnny Sack · first_building Siege Workshop |
| 29:37 | ostiinn · first_building Castle |
| 32:49 | Big Slumbo · first_building Castle |
| 34:20 | Casco7777628 · first_building Castle |
| 35:10 | SeventhDrip9 · first_market_buy 100 food |
| 35:24 | Big Slumbo · first_building Monastery |
| 36:05 | SIUUUUUUUUUUUU · age_up imperial |
| 36:09 | SIUUUUUUUUUUUU · first_building Castle |
| 36:19 | Johnny Sack · first_building Castle |
| 37:19 | Casco7777628 · first_market_sell 100 wood |
| 38:37 | Tommy Buckets · first_building Castle |
| 39:21 | Big Slumbo · age_up imperial |
| 39:58 | Big Slumbo · first_building Archery Range |
| 40:34 | Tommy Buckets · age_up imperial |
| 43:43 | Johnny Sack · first_market_sell 100 wood |
| 46:38 | SeventhDrip9 · first_market_sell 100 food |
| 49:12 | ostiinn · resign |
| 50:41 | SeventhDrip9 · wall_segment Stone Wall x17 |
| 51:32 | Johnny Sack · age_up imperial |
[ AI ANALYSIS · 1 CREDIT ]
What really happened in this match?
Wolo.gg analyzes every decision: build order, eco, micro, common mistakes by bracket. Personalized analysis on WhatsApp or Discord in 30 seconds.
Civ guide
Bohemians
Perfil
Jugador #222614